 Dungeon Crawl Stone Soup version 0.25.1-2-g60ff931df9 (webtiles) character file.

Game seed: 13423043573362682621

570 DogServant the Ruffian (level 7, -2/52 HPs)
             Began as a Purple Draconian Transmuter on Oct 18, 2020.
             Slain by a centaur (8 damage)
             ... on level 5 of the Dungeon.
             The game lasted 00:09:13 (5416 turns).

DogServant the Ruffian (DrTm)                       Turns: 5416, Time: 00:09:14

Health: -2/52      AC:  2    Str: 14    XL:     7   Next: 11%
Magic:  7/10       EV: 19    Int: 14    God:
Gold:   443        SH:  0    Dex: 16    Spells: 4/10 levels left

rFire    + . .     SeeInvis .     - Unarmed
rCold    x . .     Gourm    .   (shield currently unavailable)
rNeg     . . .     Faith    .   (armour unavailable)
rPois    x         Spirit   .   (helmet currently unavailable)
rElec    .         Reflect  .   (cloak currently unavailable)
rCorr    .         Harm     .   (gloves currently unavailable)
MR       +....                  (boots currently unavailable)
Stlth    +.........             (no amulet)
HPRegen  0.17/turn              t - ring of fire
MPRegen  0.12/turn              (no ring)

@: spider-form
A: tiny, (breathe power), unfitting armour, AC +6
a: End Transformation


You were on level 5 of the Dungeon.
You were hungry.
You were a venomous arachnid creature.
You visited 1 branch of the dungeon, and saw 5 of its levels.
You also visited: Ossuary.

You collected 443 gold pieces.

Inventory:

Missiles
 a - 26 arrows
Armour
 e - a +1 buckler
 k - a +2 cloak (melded)
Jewellery
 t - a ring of fire (left front leg)
Wands
 q - a wand of acid (3)
 s - a wand of iceblast (8)
Scrolls
 d - 4 scrolls of teleportation
 f - 7 scrolls of identify
 g - 4 scrolls of remove curse
 j - a scroll of noise {unknown}
 u - a scroll of enchant weapon
Potions
 b - 2 potions of curing
 h - 2 potions of invisibility {unknown}
 i - 2 potions of haste {unknown}
 l - 2 potions of degeneration {unknown}
 m - a potion of ambrosia {unknown}
 n - 2 potions of resistance {unknown}
 o - 2 potions of brilliance {unknown}
 p - 4 potions of flight {unknown}
 r - 2 potions of might {unknown}
Comestibles
 c - 9 rations


   Skills:
 - Level 1.1 Fighting
 - Level 1.7 Dodging
 + Level 6.7 Unarmed Combat
 - Level 2.4 Spellcasting
 + Level 4.4 Transmutations
 - Level 2.0 Poison Magic


You had 4 spell levels left.
You knew the following spells:

 Your Spells              Type           Power        Failure   Level  Hunger
a - Beastly Appendage     Tmut           ##....       12%         1    #......
b - Sticks to Snakes      Tmut           ##......     16%         2    ###....
c - Spider Form           Tmut/Pois      ##........   38%         3    ###....

Your spell library contained the following spells:

 Spells                   Type           Power        Failure   Level  Hunger
 Ice Form                 Ice/Tmut       #.......     85%         4    #####..
 Blade Hands              Tmut           ##........   87%         5    ######.


Dungeon Overview and Level Annotations

Branches:
Dungeon (5/15)            Ossuary (visited)
 Temple: D:4-7

Altars:
Fedhas
Ru
Wu Jian

Annotations:
D:5 1 transporter


Innate Abilities, Weirdness & Mutations

((You can breathe bolts of dispelling energy.))
((Your rich purple scales are hard. (AC +6)))
You cannot fit into any form of body armour.
((You are cold-blooded and may be slowed by cold attacks.))


Message History

Confirm with . or Enter, or press ? or * to list all spells.
You turn into a venomous arachnid creature.
Your +2 cloak melds into your body.
You are feeling hungry.
The centaur shoots an arrow.
The arrow completely misses you.
The centaur shoots an arrow.
The arrow misses you.
The centaur shoots an arrow.
The arrow hits you!!
Found 17 gold pieces.
You see here an arrow.
The centaur shoots an arrow.
The arrow misses you.
The centaur shoots an arrow.
The arrow hits you!
* * * LOW HITPOINT WARNING * * *
Found 11 gold pieces.
You see here an arrow.
The centaur shoots an arrow.
The arrow hits you!
* * * LOW HITPOINT WARNING * * *
Found a ration.
You see here an arrow.
The centaur unwields a +0 shortbow.
The centaur hits you!
You die...

#..#....##...#.
##..#.....#..##
....#........##
...Z#..(.......
#####..(.......
...............
.......(.......
!..>...(....##.
.......s...!#
.......c.....#
..............#
......$.......#
.........#.....
......$.##.....
%.......# .....
.....#... ....


You could see a centaur and a centaur zombie.

Vanquished Creatures
  2 elf zombies (D:4)
  A scorpion (D:4)
  An orc priest (D:3)
  A centaur skeleton (D:3)
  A human skeleton (D:4)
  8 mummies (Ossuary)
  A gnoll (D:2)
  6 adders
  2 oozes
  An adder skeleton (D:4)
  2 worms
  2 dart slugs (D:2)
  4 leopard geckos
  7 orcs
  2 ball pythons (D:1)
  12 bats
  7 giant cockroaches
  2 gnoll zombies (Ossuary)
  8 goblins
  8 hobgoblins
  5 jackals (D:2)
  A quokka (D:2)
  11 frilled lizards
  A hobgoblin zombie (Ossuary)
  A jackal skeleton (D:2)
  10 kobolds
  A kobold zombie (Ossuary)
  2 orc skeletons (D:4)
  3 orc zombies
  13 rats
126 creatures vanquished.

Vanquished Creatures (collateral kills)
  Jessica (D:3)
  An orc (D:3)
  2 hobgoblin zombies (Ossuary)
4 creatures vanquished.

Grand Total: 130 creatures vanquished

Notes
Turn   | Place    | Note
-------+----------+-------------------------------------------
     0 | D:1      | DogServant the Draconian Transmuter began the quest for the
                  | Orb.
     0 | D:1      | Reached XP level 1. HP: 16/16 MP: 3/3
   211 | D:1      | Reached XP level 2. HP: 23/23 MP: 3/5
   603 | D:1      | Reached XP level 3. HP: 21/28 MP: 6/6
   828 | D:1      | Learned a level 2 spell: Sticks to Snakes
   832 | D:1      | Learned a level 3 spell: Spider Form
  1148 | D:2      | Reached skill level 4 in Unarmed Combat
  1219 | D:2      | Found an ornate altar of the Wu Jian Council.
  1390 | D:2      | Reached skill level 1 in Poison Magic
  1454 | D:2      | Reached XP level 4. HP: 26/35 MP: 5/7
  1717 | D:2      | Found a sacrificial altar of Ru.
  2553 | D:3      | Reached XP level 5. HP: 40/40 MP: 8/8
  2558 | D:3      | Noticed Jessica
  2570 | D:3      | Killed Jessica
  2570 | D:3      | Reached skill level 5 in Unarmed Combat
  2641 | D:3      | Found a glowing drain.
  4059 | D:4      | Reached skill level 6 in Unarmed Combat
  4059 | D:4      | Reached XP level 6. HP: 47/47 MP: 7/9
  4327 | D:4      | Found a blossoming altar of Fedhas.
  4472 | D:4      | Found a sand-covered staircase.
  4493 | Ossuary  | Entered an ossuary
  4977 | Ossuary  | Your scales start taking on a rich purple colour.
  4977 | Ossuary  | Reached XP level 7. HP: 26/52 MP: 8/10
  5397 | D:5      | Entered Level 5 of the Dungeon
  5403 | D:5      | Found a transporter.
  5416 | D:5      | Slain by a centaur

Illustrated notes

Levels and vault maps discovered:
D:1:      lightli_arrival_maybe_door_vault, layout_rooms
D:2:      minmay_thinvault, layout_loops_ring, nicolae_overflow_crystal_walls,
          marbit_many_paths, chequers_serial_rivers_marsh, minmay_puff
D:3:      layout_basic, gup_sewer_entry_glass, first_ration, uniq_jessica
D:4:      layout_rooms, nicolae_ossuary_entry_catacombs, fedhas_altar_4
D:5:      layout_cave_pools, okawaru_trees_1, gammafunk_ghost_mausoleum,
          uniq_prince_ribbit1

Skill      XL: |  1  2  3  4  5  6 |
---------------+-------------------+-----
Transmutations | 3 4 |  4.4
Unarmed Combat | 4 6 |  6.7
Poison Magic   | 1 2 |  2.0
Fighting       | |  1.1
Dodging        | |  1.7
Spellcasting   | |  2.4

Action                   |  1- 3 |  4- 6 |  7- 9 || total
-------------------------+-------+-------+-------++-------
Melee: Unarmed           |   184 |   304 |    12 ||   500
       Kick              |     6 |    12 |       ||    18
       Tailslap          |    12 |    29 |     4 ||    45
       Headbutt          |     5 |    19 |       ||    24
       Punch             |     1 |    10 |       ||    11
 Cast: Beastly Appendage |    13 |    22 |     1 ||    36
       Sticks to Snakes  |       |     6 |     2 ||     8
       Spider Form       |       |       |     1 ||     1
 Abil: Breathe Dispellin |       |       |     1 ||     1
  Use: Scroll            |       |    10 |       ||    10
 Stab: Sleeping          |     5 |       |       ||     5
  Eat: Chunk             |     2 |     7 |       ||     9
       Ration            |       |     2 |       ||     2
Armor: Skin              |    88 |   110 |     1 ||   199
Dodge: Dodged            |   113 |   160 |     6 ||   279
